[Event "*** Titled Tuesday Blitz"]
[Site "Chess.com"]
[Date "2020.03.03"]
[Round "3"]
[White "Jungle_Jaguar"]
[Black "MFBerna"]
[Result "1-0"]
[WhiteElo "2593"]
[BlackElo "2345"]
[TimeControl "180+1"]
[EndTime "9:30:41 PST"]
[Termination "Jungle_Jaguar won on time"]

1. e4 c6 2. d4 d5 3. exd5 cxd5 4. Bd3 Nc6 5. c3 Nf6 6. Bf4 g6 7. Ne2 Bg7 8. Ng3 O-O 9. O-O h5 10. h4 Ng4 11. f3 e5 12. Bg5 Nf6 13. dxe5 Qb6+ 14.
Kh1 Nxe5 15. b3 Nh7 16. Bf4 Qf6 17. Ne2 Qxh4+ 18. Kg1 Re8 19. Bb5 Bd7 20. Bg3 Qf6 21. Bxd7 Nxd7 22. Bf2 Ng5 23. Bd4 Qe7 24. Nf4 Nb6 25.
Bxg7 Kxg7 26. Qd4+ Qe5 27. Qxe5+ Rxe5 28. Na3 Rc8 29. Rac1 Re3 30. Nb5 a6 31. Nd6 Rcxc3 32. Rxc3 Rxc3 33. Nxb7 Rc2 34. Rf2 Rc1+ 35. Kh2 d4 36. Rd2 Rc7 37. Na5 Rd7 38. Nc6 Rc7 39. Nxd4 h4 40. b4 Nc4 41. Rc2 Rc8 42. Nb3 Kg8 43. Nc5 Nd6 44. Rd2 Nf5 45. Nxa6 Rc1 46. Ne2 1-0

[Event "*** Titled Tuesday Blitz"]
[Site "Chess.com"]
[Date "2020.03.03"]
[Round "3"]
[White "Omk124"]
[Black "yoolund"]
[Result "1-0"]
[WhiteElo "2452"]
[BlackElo "2625"]
[TimeControl "180+1"]
[EndTime "9:30:43 PST"]
[Termination "Omk124 won on time"]

1. e4 c6 2. c4 d5 3. exd5 cxd5 4.
cxd5 Nf6 5. Nc3 Nxd5 6. Nf3 Nc6 7. Bb5 Nxc3 8. bxc3 Bd7 9. O-O e6 10. d4 Be7 11. Re1 O-O 12. Bd3 Rc8 13. Bb2 Qa5 14. c4 Bf6 15. Qe2 Nb4 16. Be4 Qc7 17. a3 Na6 18. Rac1 Rfe8 19. Ne5 Bxe5 20. dxe5 Bc6 21.
Bb1 Nc5 22. Rc3 g6 23. Rh3 Qe7 24. Bc1 Nd7 25. Qg4 f5 26. exf6 Nxf6 27. Qh4 Nh5 28. Bg5 Qf7 29. g4 Nf4 30. Bxf4 Qxf4 31. Qxh7+ Kf8 32.
Qxg6 Ke7 33. Qxe6+ Kd8 34. Rh8 Kc7 35. Rxe8 Rxe8 36. Qxe8 Bxe8 37. Bf5 Qxc4 38. Rxe8 Kb6 39. Re6+ Kc7 40. Re7+ Kd6 41. Re4 1-0

[Event "*** Titled Tuesday Blitz"]
[Site "Chess.com"]
[Date "2020.03.03"]
[Round "3"]
[White "SantoBlue"]
[Black "Shant_Sargsyan"]
[Result "1-0"]
[WhiteElo "2763"]
[BlackElo "3015"]
[TimeControl "180+1"]
[EndTime "9:30:44 PST"]
[Termination "SantoBlue won by resignation"]

1. e4 e5 2. Nf3 Nc6 3. Bb5 a6 4.
Ba4 Nf6 5. O-O Nxe4 6. d4 b5 7. Bb3 d5 8. dxe5 Be6 9. Nbd2 Be7 10. c3 O-O 11. Bc2 f5 12. Nb3 Qd7 13. Nfd4 Nxd4 14.
Nxd4 c5 15. Nxe6 Qxe6 16. f3 Ng5 17. Bxg5 Bxg5 18. f4 Be7 19. a4 c4 20. b4 a5 21.
axb5 axb4 22. cxb4 Bxb4 23. Qd4 Rac8 24. Kh1 Bc5 25.
Qd1 d4 26. Ra6 Qd5 27. Bb1 d3 28. Ba2 Kh8 29. b6 Ra8 30. Qa4 Rxa6 31. Qxa6 d2 32. Rd1 g5 33. Bxc4 Qc6 34. b7 Qxa6 35. Bxa6 Bb4 36.
fxg5 Kg7 37. e6 Rd8 38. Bb5 Kf8 39. Bd7 Rb8 40. Bc8 Ke7 41. Kg1 Kd6 42. Kf1 Ke5 43.
Ke2 Kd6 44. h4 f4 45. h5 Ke7 46. h6 Bc3 47. Kd3 Bb4 48. Rxd2 Bxd2 49. Kxd2 f3 50.
gxf3 Rxb7 51. Bxb7 Kxe6 52. Be4 Ke5 53. Ke3 1-0

[Event "*** Titled Tuesday Blitz"]
[Site "Chess.com"]
[Date "2020.03.03"]
[Round "3"]
[White "alishersuleymenov"]
[Black "AleksanderHnydiuk"]
[Result "1-0"]
[WhiteElo "2774"]
[BlackElo "2565"]
[TimeControl "180+1"]
[EndTime "9:30:44 PST"]
[Termination "alishersuleymenov won on time"]

1. d4 Nf6 2. Nf3 g6 3. Bg5 Bg7 4. Nbd2 O-O 5. c3 d6 6. e4 c5 7.
dxc5 dxc5 8. Bc4 Nc6 9. O-O Qc7 10. Qe2 h6 11. Bh4 Nh5 12. Bg3 Nxg3 13. hxg3 Bg4 14.
Qe3 b6 15. Rfe1 Rad8 16. Nf1 Ne5 17. Nxe5 Qxe5 18. Nh2 Bc8 19. f4 Qd6 20. Nf3 Bb7 21.
a4 Qc6 22. a5 e6 23. axb6 axb6 24. Qe2 Ra8 25. Rad1 Rfd8 26. Bb5 Qc7 27. Nd2 Ra2 28. Nc4 Bxc3 29. Rxd8+ Qxd8 30. Rd1 Bd4+ 31. Kh1 h5 32.
e5 h4 33. Kh2 hxg3+ 34. Kxg3 Kg7 35. Nd6 Bd5 36. Rd2 Qh8 37. Bc4 Bxc4 38. Qxc4 Rxb2 39.
Rxb2 Bxb2 40. Qb5 Bd4 41. Qxb6 Qf8 42. Qc7 Kg8 43. Kg4 Kg7 44. Qc6 Qe7 45. Ne8+ Kf8 46. Nf6 Kg7 47. g3 Qf8 48. Qb7 1-0

[Event "*** Titled Tuesday Blitz"]
[Site "Chess.com"]
[Date "2020.03.03"]
[Round "3"]
[White "NTBT_DHS"]
[Black "tbalabayev"]
[Result "1-0"]
[WhiteElo "2708"]
[BlackElo "2476"]
[TimeControl "180+1"]
[EndTime "9:30:44 PST"]
[Termination "NTBT_DHS won by resignation"]

1. d4 Nf6 2. c4 d6 3. Nf3 Nc6 4. Nc3 e5 5. d5 Nb8 6. c5 Be7 7. e4 O-O 8. cxd6 cxd6 9. h3 Na6 10. Be3 Bd7 11. a3 Qb8 12. Rc1 Rc8 13. Bd3 Nc5 14. Bb1 a5 15. O-O b5 16. b4 axb4 17. axb4 Na6 18.
Qb3 Bd8 19. Bd3 Bb6 20. Bxb6 Qxb6 21. Rc2 Rc7 22. Rfc1 Rac8 23. Na2 Rxc2 24. Rxc2 Rxc2 25. Qxc2 Qc7 26. Qe2 Qb6 27. g4 h6 28. Kg2 Nh7 29. Qc2 Nf8 30. Qc3 Ng6 31. Bf1 Nf4+ 32. Kg3 Qd8 33. Nc1 h5 34. Nd3 hxg4 35. hxg4 Ng6 36. Qa3 Qc8 37. Bh3 Nc7 38. Qc3 Qd8 39. g5 Bxh3 40.
Kxh3 Ne8 41. Qc6 f6 42. Qxb5 fxg5 43. Kg3 Nf6 44. Nxg5 Nh5+ 45. Kg4 Nf6+ 46. Kf3 Qc8 47. Ne6 Qc2 48. Ng5 Qd1+ 49. Kg2 Qg4+ 50. Kf1 Qxg5 51. Qb8+ Kh7 52. Qxd6 Ng4 53. Qe6 Qh4 54. Qf5 Qh3+ 55.
Ke2 Nf6 56. Qxh3+ Kg8 57. Qe6+ Kh7 58. Qf5 Kg8 59. Nxe5 1-0

[Event "*** Titled Tuesday Blitz"]
[Site "Chess.com"]
[Date "2020.03.03"]
[Round "3"]
[White "Witik"]
[Black "NiranjanNavalgund"]
[Result "1-0"]
[WhiteElo "2634"]
[BlackElo "2427"]
[TimeControl "180+1"]
[EndTime "9:30:46 PST"]
[Termination "Witik won by resignation"]

1. d4 Nf6 2. Bf4 e6 3. e3 d5 4. Nd2 Bd6 5. Bg3 c5 6. c3 O-O 7. Ngf3 Qc7 8. Bxd6 Qxd6 9. Ne5 b6 10. Bd3 Ba6 11. Bxa6 Nxa6 12. O-O Nb8 13. f4 Nfd7 14. Qh5 f6 15. Ng4 Nc6 16. Rf3 g6 17. Qh4 Qe7 18.
Rh3 Rae8 19. Nf3 h5 20. f5 exf5 21. Nh6+ Kh7 22. Nxf5 Qe4 23. Nd6 Qxe3+ 24. Kh1 Re6 25. Ne5 Rxe5 26. Rxe3 Rxe3 27. g4 Re6 28. gxh5 g5 29.
Qg3 cxd4 30. Nf5 dxc3 31. bxc3 Nde5 32. Rf1 Rf7 33. h3 Na5 34. Qg2 Rd7 35. Nd4 Red6 36. Qc2+ Kg8 37. Qf5 Nac4 38. Rg1 Ne3 39. Qf2 N3c4 40. h4 Rh7 41. Nf5 Rxh5 42. Nxd6 Kg7 43. Nf5+ Kf7 44. Rg2 Nd3 45. Qd4 Nf4 46. Rg4 Ne5 47.
Rxf4 gxf4 48. Qxf4 Kg6 49. Ne7+ Kf7 50. Nxd5 Ng6 51. Qxf6+ Ke8 52. Qxg6+ Kd7 53. Qxh5 Kc6 54. Qg5 Kc5 55. h5 Kc4 56. h6 Kd3 57. h7 1-0

[Event "*** Titled Tuesday Blitz"]
[Site "Chess.com"]
[Date "2020.03.03"]
[Round "3"]
[White "JussupowFan"]
[Black "MixMasterChess"]
[Result "1-0"]
[WhiteElo "2342"]
[BlackElo "2097"]
[TimeControl "180+1"]
[EndTime "9:30:46 PST"]
[Termination "JussupowFan won on time"]

1. d4 d5 2. c4 c6 3. Nf3 Nf6 4.
Nc3 dxc4 5. a4 Bf5 6. e3 e6 7.
Bxc4 Bb4 8. O-O O-O 9. Nh4 Bg6 10. f3 Nbd7 11. Nxg6 hxg6 12. e4 e5 13. Na2 Bd6 14. Be3 Qb6 15. Kh1 exd4 16. Bxd4 Bc5 17. Bc3 Qc7 18.
b4 Bd6 19. g3 Be5 20. f4 Bxc3 21. Nxc3 a5 22. Qb3 axb4 23. Qxb4 Ng4 24. Rfe1 Qa5 25. Qxa5 Rxa5 26. Rab1 Rc5 27. Rb4 b6 28. e5 Nf2+ 29. Kg2 Nd3 30. Bxd3 Rxc3 31. Be4 c5 32. Rb2 Rb8 33. Reb1 g5 34. Bc6 Nf8 35. fxg5 Ne6 36. h4 Nd4 37. Rxb6 Rxb6 38. Rxb6 Ra3 39. Bd7 Ne2 40. g6 fxg6 41. e6 Kf8 42. Rb8+ Ke7 43. Re8+ Kd6 44. Bb5 Nxg3 45. e7 Nf5 46. Rc8 Kxe7 47.
Rxc5 Nxh4+ 48. Kf2 Nf5 49. Rc7+ Kf6 50. Ra7 Nd4 51. Bd7 Nc2 52. Ke2 Nb4 53. Kd2 1-0

[Event "*** Titled Tuesday Blitz"]
[Site "Chess.com"]
[Date "2020.03.03"]
[Round "3"]
[White "Artem_Sadovsky"]
[Black "rpragchess"]
[Result "1/2-1/2"]
[WhiteElo "2580"]
[BlackElo "2784"]
[TimeControl "180+1"]
[EndTime "9:30:48 PST"]
[Termination "Game drawn - insufficient material"]

1. Nf3 Nf6 2. g3 g6 3. Bg2 Bg7 4. O-O O-O 5. c4 d6 6. b3 a5 7.
Bb2 a4 8. d4 axb3 9. axb3 Rxa1 10. Bxa1 c6 11. Nc3 Na6 12. e4 Bg4 13. h3 Bxf3 14.
Bxf3 Nd7 15. Qd2 c5 16. Nb5 cxd4 17. Bxd4 Nac5 18. Bxg7 Kxg7 19. Bg2 Qb6 20. Ra1 Kg8 21. Qe3 Na6 22. Qxb6 Nxb6 23. f4 Nc5 24. Ra3 Nbd7 25. Kf2 f6 26. Ke3 Rc8 27. Bf1 Kf7 28. h4 f5 29.
exf5 gxf5 30. Bg2 Kf6 31. b4 Ne4 32. Bxe4 fxe4 33. Kd4 Kf5 34. Ra5 Kg4 35. Nc3 Nb6 36. c5 dxc5+ 37. bxc5 Rd8+ 38. Kxe4 Nc4 39. Ra7 Nd2+ 40.
Ke5 Rd3 41. Nd5 Nf3+ 42. Ke6 Nd4+ 43. Kf7 Nc6 44. Nf6+ exf6 45. Rxb7 f5 46. Kg8 Kxg3 47. Rxh7 Kxf4 48. h5 Rd5 49. Rc7 Kg5 50. Rxc6 Kxh5 51.
Kf7 f4 52. Ke6 Rg5 53. Rc8 f3 54. c6 Kg4 55. Rf8 Rg6+ 56. Kd7 Kg3 57. c7 Rg7+ 58. Kd8 Rxc7 59. Kxc7 f2 60. Rxf2 Kxf2 1/2-1/2

[Event "*** Titled Tuesday Blitz"]
[Site "Chess.com"]
[Date "2020.03.03"]
[Round "3"]
[White "GameOverBro"]
[Black "floplover"]
[Result "0-1"]
[WhiteElo "2570"]
[BlackElo "2315"]
[TimeControl "180+1"]
[EndTime "9:30:50 PST"]
[Termination "floplover won by checkmate"]

1. e4 c6 2. Nc3 d5 3. Nf3 Nf6 4. e5 Ne4 5. Ne2 Qb6 6. d4 c5 7.
Ng3 e6 8. Bd3 Nxg3 9. hxg3 cxd4 10. Ng5 Nc6 11. Nxh7 Bd7 12. Nf6+ gxf6 13. Rxh8 O-O-O 14.
Kf1 fxe5 15. Bg5 Be7 16. Rxd8+ Kxd8 17. Bxe7+ Kxe7 18. Kg1 e4 19. Bf1 e5 20. b3 f5 21.
Qh5 Be6 22. Qh7+ Kd6 23. Qh6 Ne7 24. Qf8 Qc7 25. Rc1 d3 26. c4 dxc4 27. bxc4 Kd7 28. Qf6 Qc5 29. Qg5 Bxc4 30. g4 f4 31. Qf6 b5 32. g5 e3 33. g6 exf2+ 34. Kh2 Qd6 35. Qg5 Nxg6 36. g3 e4 37. Bh3+ Kc6 38. Qf5 fxg3+ 39.
Kh1 Ne5 40. Kg2 Qd5 41. Qf6+ Kc5 42. Kxg3 e3 43. Qf4 Qg8+ 44. Kh2 Qd5 45. Qxe3+ Qd4 46. Qg3 Qe4 47. Bg2 Qh7+ 48. Bh3 d2 49. Qxe5+ Kb6 50. Qe3+ Ka6 51. Qxd2 f1=Q 52. Rxf1 Bxf1 53. Qd6+ Ka5 54. Qd8+ Ka6 55. Qc8+ Ka5 56. Qg4 Qxh3+ 57. Qxh3 Bxh3 58.
Kxh3 Ka4 59. Kg3 Ka3 60. Kf3 Kxa2 61. Ke3 b4 62. Kd3 b3 63. Kc4 b2 64. Kb5 b1=Q+ 65.
Ka4 Qg6 66. Ka5 Qd6 67. Ka4 Kb2 68. Ka5 Kc3 69. Ka4 Qb4# 0-1

[Event "*** Titled Tuesday Blitz"]
[Site "Chess.com"]
[Date "2020.03.03"]
[Round "3"]
[White "Keranke"]
[Black "Sashadav97"]
[Result "1-0"]
[WhiteElo "2799"]
[BlackElo "2575"]
[TimeControl "180+1"]
[EndTime "9:30:51 PST"]
[Termination "Keranke won on time"]

1. d4 Nf6 2. c4 e6 3. g3 d5 4. Bg2 Bb4+ 5. Nd2 O-O 6. Qc2 b6 7. Nf3 Bb7 8. O-O Nbd7 9. cxd5 exd5 10. Ne5 Bd6 11. Ndf3 c5 12. Bf4 Qe7 13. Nxd7 Qxd7 14. Bxd6 Qxd6 15. dxc5 bxc5 16. Rfd1 Qb6 17. Rac1 Rac8 18.
Ne5 Rc7 19. Nd3 Ba6 20. Nf4 d4 21. b3 c4 22. bxc4 Rxc4 23. Qd2 h6 24. Rxc4 Bxc4 25. a3 Re8 26. Bf3 Rd8 27. Rc1 Ba6 28. Rc6 Qb5 29.
Rc7 Qb6 30. Rc6 Qb5 31. Qc1 Bb7 32. Rc5 Qb6 33. Bxb7 Qxb7 34. Rc7 Qb6 35. Qc4 Rf8 36. Nd3 Qd6 37. a4 a6 38. a5 Nd7 39. Rc6 Qe7 40.
Rxa6 Qxe2 41. Qxd4 Nf6 42. Rd6 Re8 43. Rd8 Qd1+ 44.
Kg2 Rxd8 45. Qxd8+ Kh7 46. Qd4 h5 47. h3 Kg8 48. a6 Qd2 49. a7 Qa5 50. Ne5 Kh7 51.
Nc6 Qa6 52. Qc5 Qb7 53. Kh2 g6 54. Nd8 1-0

[Event "*** Titled Tuesday Blitz"]
[Site "Chess.com"]
[Date "2020.03.03"]
[Round "3"]
[White "mrkvoz"]
[Black "letsgoband"]
[Result "1/2-1/2"]
[WhiteElo "2702"]
[BlackElo "2492"]
[TimeControl "180+1"]
[EndTime "9:30:51 PST"]
[Termination "Game drawn by agreement"]

1. e4 e5 2. Nf3 Nc6 3. d4 exd4 4. Nxd4 Bb4+ 5. c3 Bc5 6. Nxc6 bxc6 7. Bd3 d6 8. O-O h6 9. Nd2 Nf6 10. Nb3 Bb6 11. c4 Nd7 12. Qc2 O-O 13. Bd2 a5 14. a4 Nc5 15. Nxc5 Bxc5 16. Bc3 Re8 17. Kh1 Qh4 18. f4 Bb4 19. Bxb4 axb4 20. c5 Ba6 21. Bxa6 Rxa6 22. Qc4 Ra5 23. cxd6 Rh5 24. h3 cxd6 25.
Qxc6 Re6 26. Rf3 Qe7 27. Re1 Rc5 28. Qa8+ Kh7 29. e5 dxe5 30. Qe4+ Kh8 31. f5 Rec6 32. Qxb4 f6 33. Rc3 Qc7 34. Rxc5 Rxc5 35. b3 Rc2 36. Qe4 Qc3 37. Rb1 Rd2 38. b4 Rd4 39. Qf3 Rd3 40. Qa8+ Kh7 41. a5 Re3 42. Qe8 e4 43. Qg6+ Kg8 44.
Qg4 Re1+ 45. Rxe1 Qxe1+ 46. Kh2 Qxb4 47. a6 Qd6+ 48. Qg3 Qxa6 49. Qb8+ Kh7 50. Qe8 Qd6+ 51. g3 Qe5 52. Qxe5 fxe5 53. g4 g6 54. fxg6+ Kxg6 55. h4 e3 56. Kg3 e4 57. Kg2 Kf6 58. Kf1 Ke5 59. Ke2 Kf4 60. g5 hxg5 61. hxg5 Kxg5 62. Kxe3 Kf5 63. Ke2 Kf4 64. Kf2 Kg4 65. Ke3 Kf5 66.
Ke2 Ke5 67. Ke3 Kd5 1/2-1/2

[Event "*** Titled Tuesday Blitz"]
[Site "Chess.com"]
[Date "2020.03.03"]
[Round "3"]
[White "sganerdene"]
[Black "Vyacheslav_N"]
[Result "0-1"]
[WhiteElo "2691"]
[BlackElo "2532"]
[TimeControl "180+1"]
[EndTime "9:30:52 PST"]
[Termination "Vyacheslav_N won on time"]

1. e4 c5 2. Nf3 Nc6 3. Bb5 g6 4.
O-O Bg7 5. Re1 Nf6 6. Nc3 O-O 7. d3 d5 8. e5 Nd7 9. Nxd5 Ndxe5 10. Nxe5 Nxe5 11. Nc3 a6 12. Ba4 b5 13. Bb3 Bb7 14.
Bf4 Nc6 15. Qf3 Qd7 16. Qg3 e5 17. Be3 Nd4 18. Bxd4 exd4 19. Ne4 Rac8 20. Nd6 Rcd8 21. Nxb7 Qxb7 22. a4 Kh8 23. axb5 axb5 24. Qg5 Qc6 25. Bxf7 Bf6 26. Qg4 Rxf7 27. Re6 Qd5 28. Raa6 Bg7 29.
Qe2 Rdf8 30. f3 Bh6 31. Rad6 Qf5 32. Kh1 Be3 33. Re4 Rc7 34. Ra6 Rfc8 35. f4 c4 36. g4 Qf8 37. dxc4 bxc4 38. Qf3 Re7 39. Rae6 Rce8 40.
Rxe7 Rxe7 41. Rxe7 Qxe7 42. f5 Kg7 43. Kg2 gxf5 44.
gxf5 Qg5+ 45. Kh3 Kf6 46. Qc6+ Kxf5 47. Qd5+ Kg6 48. Qe6+ Kh5 49. Qf7+ Qg6 50. Qf3+ Kh6 51. Qd5 Qh5+ 52. Qxh5+ Kxh5 53. Kg3 Bc1 54. b4 cxb3 55. cxb3 d3 56. Kf3 d2 57. Ke2 Kh4 58. b4 Kh3 59. b5 Ba3 60. Kxd2 Kxh2 61. Ke3 Kg3 62. Ke2 Kg2 63. Ke3 Bd6 0-1

[Event "*** Titled Tuesday Blitz"]
[Site "Chess.com"]
[Date "2020.03.03"]
[Round "3"]
[White "annacramling"]
[Black "czasnaszachy"]
[Result "1-0"]
[WhiteElo "1929"]
[BlackElo "2283"]
[TimeControl "180+1"]
[EndTime "9:30:54 PST"]
[Termination "annacramling won on time"]

1. d4 Nf6 2. c4 e6 3. Nc3 Bb4 4. Qc2 d5 5. cxd5 Nxd5 6. e4 Nxc3 7. bxc3 Be7 8. Nf3 O-O 9. Bd3 h6 10. O-O c5 11. Be3 Qc7 12. Rac1 b6 13. Rfd1 Bb7 14. Qd2 Nd7 15. Bf4 Bd6 16. Bxd6 Qxd6 17. Bb1 Rfd8 18. e5 Qc7 19. Qd3 g6 20. Qe3 Kg7 21. Qf4 Rac8 22. c4 cxd4 23. Rxd4 Bxf3 24. Qxf3 Nxe5 25.
Qc3 Kg8 26. Rxd8+ Rxd8 27. Be4 Ng4 28. g3 Qc5 29. Qf3 Ne5 30. Qf4 g5 31. Qf6 Ng4 32.
Qxd8+ Kg7 33. Qd2 Qe5 34. Bf3 Nf6 35. Qc3 Qf5 36. Kg2 g4 37. Re1 gxf3+ 38. Qxf3 Qg6 39. Qe3 h5 40. Qd4 h4 41. Qxh4 Qf5 42. Qd4 Kg6 43. Qe5 Qg4 44. Qe2 Qf5 45. Qf3 Qg5 46. Qe3 Qf5 47.
Qe2 Qg5 48. Qf3 Qh6 49. Qf4 Qh5 50. Qf3 Ng4 51. Qd3+ 1-0

[Event "*** Titled Tuesday Blitz"]
[Site "Chess.com"]
[Date "2020.03.03"]
[Round "3"]
[White "Abund"]
[Black "chris_rock_comic"]
[Result "0-1"]
[WhiteElo "2715"]
[BlackElo "2890"]
[TimeControl "180+1"]
[EndTime "9:30:55 PST"]
[Termination "chris_rock_comic won by resignation"]

1. Nf3 Nf6 2. c4 b6 3. Nc3 Bb7 4. g3 c5 5. Bg2 g6 6. O-O Bg7 7. b3 O-O 8. Bb2 d5 9. Nxd5 Nxd5 10. Bxg7 Kxg7 11. cxd5 Qxd5 12. d4 cxd4 13. Nh4 Qd7 14. Bxb7 Qxb7 15. Qxd4+ f6 16. Rfd1 Nc6 17. Qg4 Ne5 18.
Qe6 Rac8 19. f4 Rc6 20. Qh3 Nf7 21. Rd7 Qc8 22. Rad1 Rd8 23. Kg2 Rc2 24. Qg4 Rxd7 25. Rxd7 Rxe2+ 26. Qxe2 Qxd7 27. Nf3 a5 28. a4 Qb7 29.
Kf2 Nd6 30. Qe3 Ne4+ 31. Kg1 Qc6 32. Nd4 Qd5 33. h4 e5 34. fxe5 fxe5 35. Ne2 Qc5 36. Qxc5 Nxc5 37. Nc1 Kf6 38. Kf2 e4 39. g4 Ke5 40.
Ke3 h5 41. gxh5 gxh5 42. Ne2 Nxb3 43. Ng3 Nd4 44. Nxh5 Nf5+ 45. Ke2 Nxh4 46. Ng7 Nf5 47. Ne8 Kd4 48. Nc7 Nd6 49. Ne6+ Kd5 50. Nc7+ Kc4 51.
Na8 Kc5 52. Ke3 Kc6 53. Kd4 Kb7 54. Nxb6 Kxb6 55. Kd5 e3 56. Kxd6 e2 0-1

[Event "*** Titled Tuesday Blitz"]
[Site "Chess.com"]
[Date "2020.03.03"]
[Round "3"]
[White "Alexander_Moskalenko"]
[Black "lasayon"]
[Result "1-0"]
[WhiteElo "2833"]
[BlackElo "2633"]
[TimeControl "180+1"]
[EndTime "9:30:55 PST"]
[Termination "Alexander_Moskalenko won by resignation"]

1. e4 c6 2. d4 d5 3. e5 Bf5 4. h4 h5 5. c4 e6 6. Nc3 Nd7 7.
Nge2 Ne7 8. Ng3 Bg6 9. Bg5 dxc4 10.
Bxc4 Nb6 11. Bb3 Qd7 12. O-O Nf5 13. Nxf5 Bxf5 14. Qf3 Be7 15. Qg3 Bxg5 16. Qxg5 g6 17. Rad1 Qe7 18. Qf4 Nd5 19. Bxd5 cxd5 20. Rd2 Rg8 21.
Qg5 Qxg5 22. hxg5 a6 23. f3 h4 24. Kf2 Rc8 25. Rh1 Rh8 26. Ke3 Kd7 27. Rh2 Rh5 28. Kf4 Rc4 29. a3 b5 30. Rh1 Kc6 31.
Rc1 Kb6 32. Rdd1 Rh8 33. b3 Rc7 34. Na2 Rhc8 35. Rxc7 Rxc7 36. Rc1 Bc2 37. Nb4 Bxb3 38. Rxc7 Kxc7 39. Nxa6+ Kb6 40. Nc5 Bc4 41. Kg4 Bf1 42. Kxh4 Bxg2 43. Kg3 Bf1 44. Kf2 Bc4 45. Ke3 b4 46.
axb4 Kb5 47. Nb7 Kxb4 48. Nd6 Kc3 49. Nxf7 Bd3 50. Nd6 Bb1 51. Nb5+ Kc4 52. Nc7 Bf5 53. Ne8 Kc3 54. Ng7 Bh3 55. Ne8 Bf5 56. Nc7 Kc4 57.
Na6 Bh3 58. Nb8 Bf5 59. Nc6 Bh3 60. Ne7 1-0

[Event "*** Titled Tuesday Blitz"]
[Site "Chess.com"]
[Date "2020.03.03"]
[Round "3"]
[White "monstertube"]
[Black "Sordis"]
[Result "0-1"]
[WhiteElo "2126"]
[BlackElo "2378"]
[TimeControl "180+1"]
[EndTime "9:30:55 PST"]
[Termination "Sordis won by resignation"]

1. d4 Nf6 2. Nf3 g6 3. c4 Bg7 4. Nc3 d6 5. e4 O-O 6. Be2 Na6 7. O-O e5 8. d5 Nc5 9. Nd2 a5 10. b3 Bh6 11. a3 Bxd2 12. Qxd2 Ncxe4 13. Nxe4 Nxe4 14. Qc2 f5 15. f3 Nc5 16. Be3 b6 17.
b4 axb4 18. axb4 Rxa1 19. Rxa1 Nd7 20. c5 bxc5 21. bxc5 Nf6 22. Ra7 f4 23. Bf2 Bf5 24. Qa2 e4 25. cxd6 cxd6 26. Qa6 exf3 27. Bxf3 Qc8 28.
Qa1 Qc2 29. Bd4 Qb1+ 30. Qxb1 Bxb1 31. Ra6 Ne4 32. Bxe4 Bxe4 33. Rxd6 Ra8 34. Re6 Bxd5 35. Re2 Ra4 36. Rd2 Be4 37. Kf2 h5 38. h4 Kf7 39.
Bc5 Ke6 40. Bb6 Kf5 41. Bd8 Kg4 42. Bg5 Rc4 43. Rb2 Bf5 44. Rd2 Be4 45. Rb2 f3 46. gxf3+ Bxf3 47. Rd2 Be4 48. Rb2 Rc3 49. Rd2 Rf3+ 50.
Ke1 Rf5 51. Re2 Bf3 52. Rf2 Rd5 53. Ra2 Rxg5 54. hxg5 Kxg5 55. Kf2 Kf4 56. Ra4+ Be4 57. Ra3 g5 58. Ra7 h4 59. Rf7+ Bf5 60. Ra7 g4 61.
Ra4+ Be4 62. Kg1 g3 63. Ra7 h3 64. Rh7 Bxh7 0-1

[Event "*** Titled Tuesday Blitz"]
[Site "Chess.com"]
[Date "2020.03.03"]
[Round "3"]
[White "inegrepus"]
[Black "Grieve72"]
[Result "1-0"]
[WhiteElo "2258"]
[BlackElo "2398"]
[TimeControl "180+1"]
[EndTime "9:30:59 PST"]
[Termination "inegrepus won by resignation"]

1. d4 f5 2. h3 d5 3. c4 e6 4. Nc3 Nf6 5. Bg5 Be7 6. e3 O-O 7. Bd3 c6 8. Nf3 Bd7 9. Qc2 Be8 10. cxd5 cxd5 11. Rc1 Nc6 12. a3 h6 13. Bf4 Ne4 14. Ne5 Rc8 15. Bxe4 fxe4 16. O-O Bd6 17.
Nxc6 Bxc6 18. Bxd6 Qxd6 19. Qe2 a6 20. Qg4 Rf5 21. Na4 Rcf8 22. Nc5 R8f6 23. Rc2 Rg5 24.
Qh4 Rfg6 25. f4 exf3 26. Rxf3 e5 27. dxe5 Qxe5 28. Qd4 Qe7 29. Nd3 Bb5 30. Nf4 Rf6 31. Nxd5 Rxd5 32. Qxd5+ Kh7 33. Rxf6 Qxf6 34. Qe4+ Kg8 35.
Rc8+ Kf7 36. Rc7+ Kg8 37. Rc8+ Kf7 38. Rc7+ Kg8 39. Qe7 Qg6 40. Rc8+ Kh7 41. Qf8 Qb1+ 42. Kh2 Qe4 43. Qf4 Qe6 44. Rf8 Bc6 45. Qf5+ Qxf5 46.
Rxf5 Kg6 47. Rf4 Kg5 48. g3 h5 49. h4+ Kh6 50. Kg1 a5 51. Kf2 a4 52. e4 Kg6 53.
e5 Bd5 54. Ke3 b5 55. Kd4 Bc4 56. Kc5 Kh7 57. Kd6 g5 58. hxg5 Kg6 59. e6 Kxg5 60.
e7 1-0

[Event "*** Titled Tuesday Blitz"]
[Site "Chess.com"]
[Date "2020.03.03"]
[Round "3"]
[White "farzadbfd"]
[Black "Manukyan_Artak"]
[Result "1-0"]
[WhiteElo "2627"]
[BlackElo "2417"]
[TimeControl "180+1"]
[EndTime "9:31:01 PST"]
[Termination "farzadbfd won by resignation"]

1. e4 c6 2. d4 d5 3. e5 Bf5 4. g4 Bg6 5. e6 fxe6 6. h4 e5 7.
dxe5 e6 8. h5 Bf7 9. Nf3 Nh6 10.
Ng5 Be7 11. Nxf7 Nxf7 12. Qe2 Nd7 13. f4 Nc5 14. Bg2 Bh4+ 15. Kf1 h6 16. Nd2 Be7 17.
Nb3 Nxb3 18. axb3 Qb6 19. Bf3 O-O-O 20. Kg2 Rhg8 21. Bd2 Rd7 22. Qd3 Kb8 23. Ba5 Qb5 24.
Qxb5 cxb5 25. Be2 a6 26. Bd3 Rc8 27. Rhe1 Bd8 28. Bd2 Bc7 29. Be3 Re7 30. Bd4 Rce8 31. Re2 Nd8 32. Rae1 Nc6 33. Bc5 Rf7 34. Bg6 Ref8 35.
Bxf7 Rxf7 36. Kg3 b6 37. Bd6 Nd4 38. Rd2 Nc6 39. Bxc7+ Kxc7 40. f5 Re7 41. f6 gxf6 42.
exf6 Re8 43. Rxd5 Rf8 44. Rxe6 Nb4 45. Rf5 Nxc2 46. f7 Nd4 47. Ref6 Nxf5+ 48. Rxf5 Kd7 49.
Rf6 Ke7 50. Rxb6 Kxf7 51. Rxa6 Kg7 52. Rb6 Rc8 53. Rxb5 Rc2 54. b4 Rxb2 55. Rb7+ Kf6 56. Rb6+ Kg7 57. b5 Rb4 58. Rg6+ Kh7 59. b6 Rb5 60.
Rc6 Rb4 61. Rc7+ Kg8 62. b7 1-0

[Event "*** Titled Tuesday Blitz"]
[Site "Chess.com"]
[Date "2020.03.03"]
[Round "3"]
[White "Yeritsyan_Aram"]
[Black "HrvojeZagreb"]
[Result "0-1"]
[WhiteElo "2353"]
[BlackElo "2210"]
[TimeControl "180+1"]
[EndTime "9:31:01 PST"]
[Termination "HrvojeZagreb won on time"]

1. e4 e6 2. d4 d5 3. Nc3 dxe4 4. Nxe4 Nd7 5. Nf3 Ngf6 6. Bg5 Be7 7. Nxf6+ Bxf6 8.
h4 h6 9. Be3 b6 10. Bd3 Bb7 11. Qe2 O-O 12. O-O-O c5 13. dxc5 Qc7 14. g4 Nxc5 15. g5 Nxd3+ 16. Rxd3 Rfc8 17. Rd2 Qc4 18. Qxc4 Rxc4 19. gxf6 Bxf3 20. Rg1 Rg4 21. Rxg4 Bxg4 22. Rd7 Bf5 23. c4 Rc8 24. b3 b5 25. Rxa7 bxc4 26. b4 gxf6 27. b5 Be4 28. b6 e5 29. a4 c3 30. a5 Rc4 31. Rc7 Ra4 32. Rxc3 Rxa5 33. Rb3 Ra8 34. Bxh6 Rb8 35. Kd2 Rb7 36. Be3 Bd5 37.
Rb4 f5 38. f4 f6 39. Ke1 Kf7 40. Kf2 Ke6 41. Rb1 Rg7 42. Rg1 Rxg1 43. Kxg1 Kf7 44. h5 Kg7 45. Kf2 Bb7 46. Ke2 e4 47. Kd2 Kh6 48.
Kc3 Kxh5 49. Kd4 Kg4 50. Kc3 Kf3 51. Kd2 Bc6 52. Bd4 Bb7 53. Bxf6 Kxf4 54. Ke1 e3 55. Bh4 Ke4 56. Bg3 f4 57. Bh2 f3 58. Bg1 Kf4 59.
Kf1 Ba6+ 60. Ke1 Bb7 61. Kf1 Bd5 62. Ke1 Ke4 63. Kf1 Kd3 64. Ke1 Bc6 65. Kf1 Kd2 0-1

[Event "*** Titled Tuesday Blitz"]
[Site "Chess.com"]
[Date "2020.03.03"]
[Round "3"]
[White "juniortay"]
[Black "ronaldbrizuela"]
[Result "1-0"]
[WhiteElo "2480"]
[BlackElo "2649"]
[TimeControl "180+1"]
[EndTime "9:31:02 PST"]
[Termination "juniortay won on time"]

1. e4 e6 2. Nf3 d6 3. Nc3 Nf6 4. d4 d5 5. e5 Nfd7 6. a3 c5 7. Bg5 Qb6 8. dxc5 Nxc5 9. Bb5+ Nc6 10. O-O Bd7 11. Be3 Qc7 12. Bxc6 bxc6 13. b4 Nb7 14. Re1 Be7 15. Bf4 O-O 16. Qd2 c5 17. Nxd5 exd5 18.
e6 Qc6 19. exd7 Qxd7 20. Ne5 Qf5 21. g4 Qe6 22. h3 Rfe8 23. b5 Nd6 24. Nc6 Ne4 25. Qe3 Bf6 26. Rad1 a6 27. a4 axb5 28. axb5 Bh4 29. Bg3 Bxg3 30. fxg3 Qd7 31. Qf3 Re6 32. Rxe4 dxe4 33. Rxd7 exf3 34. Kf2 Kf8 35. Kxf3 Ra3+ 36. Kf2 Ra2 37. Rd8+ Re8 38. Rd2 Rb2 39. Na7 Ra8 40.
Rd7 Rxc2+ 41. Kf3 Rb2 42. Ke4 g6 43. Kd5 Rxa7 44. Rxa7 Rxb5 45. Ra3 Rb8 46. Kxc5 Rd8 47. Re3 Kg7 48. Kc6 Rd1 49. h4 f5 50. gxf5 gxf5 51.
Rf3 Kg6 52. Kc5 Rd8 53. Kc6 Rd4 54. Kc5 Rd1 55. Kc6 h6 56. Kc5 Rd2 57. Kc4 Rd1 58. Kc5 Rd8 59. Kc4 f4 60. Rxf4 Kh5 61. Rf6 1-0